 Dungeon Crawl Stone Soup version 0.22.0-75-g3901e7991e (webtiles) character file.

1122612 IceCat the Conqueror (level 27, -35/224 HPs)
             Began as a Gargoyle Gladiator on Sept 11, 2018.
             Was the Champion of Zin.
             Killed from afar by Woaj the pandemonium lord (66 damage)
             ... with a crystal spear
             ... while paralysed by a floating eye
             ... in Pandemonium on Sept 12, 2018.
             The game lasted 08:52:19 (99823 turns).

IceCat the Conqueror (Gargoyle Gladiator)          Turns: 99823, Time: 08:52:20

Health: -35/224    AC: 43    Str: 41    XL:     27
Magic:  0/52       EV:  2    Int: 21    God:    Zin [******]
Gold:   8643       SH:  0    Dex: 21    Spells: 35/58 levels left

rFire    + + .     SeeInvis .   w - +9 broad axe (holy)
rCold    + + .     Gourm    .   M - +8 large shield {AC+3}
rNeg     + + +     Faith    .   A - +4 leather armour "Geacw" {rF+ rC+ rN+ Str+4}
rPois    ∞         Spirit   +   J - +0 helmet of Eternal Vigilance {rN+ Dex+8}
rElec    +         Reflect  +   C - scarf {Spirit}
rCorr    .         Harm     .   Z - +2 pair of gloves {Str+3}
MR       ++...                  b - +2 pair of boots of the Assassin {Detection Stab+ Stlth++}
Stlth    ++++++....             U - amulet "Irumy" {Reflect Str+7 SH+3}
HPRegen  0.47/turn              F - ring "Dollifre" {rC+ MP+9 Str+2 Int+9 Dex-3}
MPRegen  0.33/turn              c - ring of Quqirur {Wiz rElec rF+}

@: paralysed, swift (expiring), flying, deflect missiles, very quick
A: big wings, large bone plates 1, rugged brown scales 1, agile 1, negative
energy resistance 1, robust 1, electricity resistance, wild magic 1,
unbreathing, petrification resistance, rot immunity, AC +20
}: 10/15 runes: decaying, serpentine, slimy, silver, abyssal, demonic, glowing,
magical, fiery, dark
a: Stop Flying, Recite, Vitalisation, Imprison, Sanctuary, Donate Gold, Renounce
Religion


You were in Pandemonium.
You worshipped Zin.
Zin was exalted by your worship.
You were not hungry.

You visited 12 branches of the dungeon, and saw 58 of its levels.
You visited Pandemonium 1 time, and saw 21 of its levels.
You visited the Abyss 2 times.
You also visited: Bailey and Desolation.

You collected 11956 gold pieces.
You spent 3050 gold pieces at shops.
You donated 263 gold pieces to Zin.

Inventory:

Hand Weapons
 a - the +8 mithril axe "Arga" {speed, MR+}
   (You found it on level 1 of the Swamp)

   Attacks with this weapon are significantly faster.
   It affects your resistance to hostile enchantments.
 w - a +9 broad axe of holy wrath (weapon)
 W - the +8 mace "Moykawku" {antimagic, *Rage rC+++ Dex+4}
   (You found it on level 3 of the Snake Pit)

   It reduces the magical energy of the wielder, and disrupts the spells and
   magical abilities of those hit.
   Natural abilities and divine invocations are not affected.
   It affects your dexterity (+4).
   It renders you almost immune to cold.
   It may make you go berserk in combat.
Missiles
 R - 5 throwing nets (quivered)
Armour
 b - the +2 pair of boots of the Assassin (worn) {Detection Stab+ Stlth++}
   (You found it on level 1 of the Depths)

   It makes you much more stealthy.
 t - the +4 chain mail of Ylukled {rC++}
   (You found it on level 1 of the Depths)

   It greatly protects you from cold.
 A - the +4 leather armour "Geacw" (worn) {rF+ rC+ rN+ Str+4}
   (You found it in Pandemonium)

   It affects your strength (+4).
   It protects you from fire.
   It protects you from cold.
   It protects you from negative energy.
 C - a scarf of spirit shield (worn)
 I - the +3 scale mail "Utramyre" {rF+ rN+ Regen+}
   (You found it on level 5 of the Pits of Slime)

   It protects you from fire.
   It protects you from negative energy.
   It increases your rate of regeneration.
 J - the +0 helmet of Eternal Vigilance (worn) {rN+ Dex+8}
   (You bought it in a shop on level 2 of the Orcish Mines)

   It affects your dexterity (+8).
   It protects you from negative energy.
 M - a +8 large shield of protection (worn)
 Z - a +2 pair of gloves of strength (worn)
Jewellery
 c - the ring of Quqirur (right hand) {Wiz rElec rF+}
   (You bought it in a shop on level 5 of the Depths)

   [ring of wizardry]

   It improves your spell success rate.
   It protects you from fire.
   It insulates you from electricity.
 r - the ring "Xeudi" {MR+ AC+5}
   (You found it on level 4 of the Depths)

   [ring of protection]

   It affects your AC (+5).
   It affects your resistance to hostile enchantments.
 D - the amulet of Oridec {RegenMP rF+}
   (You acquired it in Pandemonium)

   [amulet of magic regeneration]

   It increases your magic regeneration.
   It protects you from fire.
 F - the ring "Dollifre" (left hand) {rC+ MP+9 Str+2 Int+9 Dex-3}
   (You found it on level 2 of the Realm of Zot)

   [ring of magical power]

   It affects your strength (+2).
   It affects your intelligence (+9).
   It affects your dexterity (-3).
   It protects you from cold.
   It affects your magic capacity (+9).
 G - an uncursed ring of protection from fire
 H - the ring of Pioch {MR+ Stlth+}
   (You took it off a vault sentinel on level 5 of the Vaults)

   [ring of stealth]

   It affects your resistance to hostile enchantments.
   It makes you more stealthy.
 P - an uncursed ring of resist corrosion
 S - the ring "Iteidimp" {rPois rN+++ AC+3 Int-2 SInv}
   (You acquired it on level 12 of the Dungeon)

   [ring of protection]

   It affects your AC (+3).
   It affects your intelligence (-2).
   It protects you from poison.
   It renders you almost immune to negative energy.
   It lets you see invisible.
 U - the amulet "Irumy" (around neck) {Reflect Str+7 SH+3}
   (You found it in Pandemonium)

   [amulet of reflection]

   It shields you and reflects attacks.
   It affects your strength (+7).
   It affects your SH (+3).
Wands
 q - a wand of digging (56)
 y - a wand of acid (58)
 L - a wand of iceblast (51)
 O - a wand of disintegration (59)
 X - a wand of scattershot (4)
Scrolls
 d - 9 scrolls of fog
 e - 29 scrolls of teleportation
 j - 5 scrolls of holy word
 l - 16 scrolls of fear
 v - 8 scrolls of enchant armour
 x - 8 scrolls of identify
 E - 10 scrolls of blinking
 K - 3 scrolls of silence
 Q - 39 scrolls of remove curse
 V - 6 scrolls of magic mapping
Potions
 g - 3 potions of mutation
 h - 8 potions of agility
 i - 8 potions of brilliance
 k - 6 potions of heal wounds
 m - 3 potions of magic
 n - 3 potions of might
 o - 3 potions of haste
 p - 32 potions of curing
 s - 3 potions of resistance
 u - 7 potions of cancellation
 T - 2 potions of ambrosia
 Y - 6 potions of berserk rage
Miscellaneous
 z - a phial of floods
 B - a lightning rod (4/4)
 N - a lamp of fire (inert)
Comestibles
 f - 88 rations


   Skills:
 O Level 27 Fighting
 * Level 26.4 Axes
 - Level 2.5 Throwing
 + Level 15.8 Armour
 * Level 19.2 Dodging
 * Level 6.6 Stealth
 - Level 25.1 Shields
 + Level 16.2 Spellcasting
 + Level 12.7 Charms
 * Level 15.1 Translocations
 + Level 11.9 Air Magic
 - Level 14.0 Invocations
 - Level 11.0 Evocations


You had 35 spell levels left.
You knew the following spells:

 Your Spells              Type           Power        Failure   Level  Hunger
a - Blink                 Tloc           N/A          1%          2    None
b - Deflect Missiles      Chrm/Air       ######....   2%          6    #####..
c - Passwall              Tmut/Erth      ###.....     3%          2    None
d - Swiftness             Chrm/Air       ######..     1%          2    None
e - Controlled Blink      Tloc           N/A          24%         8    #######
f - Lesser Beckoning      Tloc           #######...   1%          3    None

Your spell library contained the following spells:

 Spells                   Type           Power        Failure   Level  Hunger
 Apportation              Tloc           ######       1%          1    None
 Infusion                 Chrm           ####         1%          1    None
 Shock                    Conj/Air       ####         1%          1    None
 Poisonous Vapours        Pois/Air       ######       1%          2    None
 Shroud of Golubria       Chrm/Tloc      #######...   1%          2    None
 Song of Slaying          Chrm           #######.     1%          2    None
 Gell's Gravitas          Tloc           #######...   1%          3    None
 Mephitic Cloud           Conj/Pois/Air  #####...     1%          3    None
 Ozocubu's Armour         Chrm/Ice       ######..     1%          3    None
 Portal Projectile        Hex/Tloc       ######       1%          3    None
 Recall                   Summ/Tloc      N/A          1%          3    None
 Regeneration             Chrm/Necr      ######....   1%          3    None
 Spectral Weapon          Hex/Chrm       ######..     1%          3    None
 Static Discharge         Conj/Air       ######..     1%          3    None
 Airstrike                Air            ######....   1%          4    None
 Force Lance              Conj/Tloc      ######..     1%          4    None
 Passage of Golubria      Tloc           N/A          1%          4    None
 Dispersal                Tloc           #######...   1%          6    #####..
 Animate Skeleton         Necr           N/A          2%          1    None
 Beastly Appendage        Tmut           ###...       2%          1    None
 Confusing Touch          Hex            ###...       2%          1    None
 Corona                   Hex            ###....      2%          1    None
 Freeze                   Ice            ###.         2%          1    None
 Magic Dart               Conj           ###.         2%          1    None
 Pain                     Necr           ###.         2%          1    None
 Sandblast                Erth           ###...       2%          1    None
 Sting                    Conj/Pois      ###.         2%          1    None
 Summon Butterflies       Summ           ###.....     2%          1    None
 Summon Small Mammal      Summ           ###.         2%          1    None
 Summon Lightning Spire   Summ/Air       ######..     2%          4    None
 Summon Forest            Summ/Tloc      ######....   2%          5    ##.....
 Call Imp                 Summ           ###.....     3%          2    None
 Corpse Rot               Necr           N/A          3%          2    None
 Ensorcelled Hibernation  Hex/Ice        ###...       3%          2    None
 Slow                     Hex            ###.....     3%          2    None
 Sticks to Snakes         Tmut           ###.....     3%          2    None
 Throw Frost              Conj/Ice       ###...       3%          2    None
 Excruciating Wounds      Chrm/Necr      ######....   4%          5    ##.....
 Iskenderun's Battlesphe  Conj/Chrm      ######..     4%          5    ##.....
 Lightning Bolt           Conj/Air       ######....   5%          5    ##.....
 Silence                  Hex/Air        ######....   5%          5    ##.....
 Call Canine Familiar     Summ           ###.....     6%          3    None
 Confuse                  Hex            ###.....     6%          3    None
 Conjure Flame            Conj/Fire      ###.....     6%          3    None
 Dazzling Spray           Conj/Hex       ###...       6%          3    None
 Ignite Poison            Fire/Tmut/Pois ###.....     6%          3    None
 Inner Flame              Hex/Fire       ###.....     6%          3    None
 Spider Form              Tmut/Pois      ###.......   6%          3    None
 Stone Arrow              Conj/Erth      ###...       6%          3    None
 Summon Guardian Golem    Hex/Summ       ###.....     6%          3    None
 Tukima's Dance           Hex            ###.....     6%          3    None
 Animate Dead             Necr           N/A          19%         4    None
 Cause Fear               Hex            ###.......   19%         4    None
 Ice Form                 Ice/Tmut       ###.....     19%         4    None
 Leda's Liquefaction      Hex/Erth       ###.......   19%         4    None
 Olgreb's Toxic Radiance  Pois           ###.....     19%         4    None
 Petrify                  Tmut/Erth      ###.....     19%         4    None
 Summon Ice Beast         Ice/Summ       ###.....     19%         4    None
 Throw Icicle             Conj/Ice       ###.....     19%         4    None
 Conjure Ball Lightning   Conj/Air       ######....   24%         6    #####..
 Disjunction              Tloc           #######...   24%         8    #######
 Agony                    Necr           ###.....     43%         5    ##.....
 Alistair's Intoxication  Tmut/Pois      ###.....     43%         5    ##.....
 Aura of Abjuration       Summ           ###.......   43%         5    ##.....
 Blade Hands              Tmut           ###.......   43%         5    ##.....
 Bolt of Draining         Conj/Necr      ###.......   43%         5    ##.....
 Bolt of Magma            Conj/Fire/Erth ###.......   43%         5    ##.....
 Borgnjor's Vile Clutch   Necr/Erth      ###.......   43%         5    ##.....
 Irradiate                Conj/Tmut      ###.......   43%         5    ##.....
 Lee's Rapid Deconstruct  Erth           ###.......   43%         5    ##.....
 Metabolic Englaciation   Hex/Ice        ###.......   43%         5    ##.....
 Summon Mana Viper        Hex/Summ       ###.....     43%         5    ##.....
 Venom Bolt               Conj/Pois      ###.......   43%         5    ##.....
 Yara's Violent Unravell  Hex/Tmut       ###.......   43%         5    ##.....
 Freezing Cloud           Conj/Ice/Air   #####.....   45%         6    #####..
 Malign Gateway           Summ/Tloc      ######....   52%         7    ######.
 Ring of Flames           Chrm/Fire      ######....   67%         7    ######.
 Bolt of Cold             Conj/Ice       ###.......   92%         6    #####..
 Bolt of Fire             Conj/Fire      ###.......   92%         6    #####..
 Darkness                 Hex            ###.......   92%         6    #####..
 Death Channel            Necr           ###.......   92%         6    #####..
 Hydra Form               Tmut           ###.......   92%         6    #####..
 Invisibility             Hex            ###.....     92%         6    #####..
 Iron Shot                Conj/Erth      ###.......   92%         6    #####..
 Ozocubu's Refrigeration  Ice            ###.......   92%         6    #####..
 Poison Arrow             Conj/Pois      ###.......   92%         6    #####..
 Simulacrum               Ice/Necr       ###.......   92%         6    #####..
 Death's Door             Chrm/Necr      ######....   99%         8    #######
 Dragon Form              Tmut           ###.......   100%        7    ######.
 Haunt                    Necr/Summ      ###.......   100%        7    ######.
 Monstrous Menagerie      Summ           ###.......   100%        7    ######.
 Orb of Destruction       Conj           ###.......   100%        7    ######.
 Spellforged Servitor     Conj/Summ      ###.......   100%        7    ######.
 Summon Greater Demon     Summ           ###.......   100%        7    ######.
 Summon Hydra             Summ           ###.......   100%        7    ######.
 Borgnjor's Revivificati  Necr           ###.......   100%        8    #######
 Chain Lightning          Conj/Air       ######....   100%        8    #######
 Discord                  Hex            ###.......   100%        8    #######
 Ignition                 Fire           ###.......   100%        8    #######
 Infestation              Necr           ###.......   100%        8    #######
 Lehudib's Crystal Spear  Conj/Erth      ###.......   100%        8    #######
 Necromutation            Tmut/Necr      ###.......   100%        8    #######
 Summon Horrible Things   Summ           ###.......   100%        8    #######
 Dragon's Call            Summ           ###.......   100%        9    #######
 Fire Storm               Conj/Fire      ###.......   100%        9    #######
 Glaciate                 Conj/Ice       ###.......   100%        9    #######
 Shatter                  Erth           ###.......   100%        9    #######
 Tornado                  Air            ######....   100%        9    #######
 Sublimation of Blood     Necr           Unusable     N/A         2    N/A
 Statue Form              Tmut/Erth      Unusable     N/A         6    N/A

Dungeon Overview and Level Annotations

Branches:
Dungeon (15/15)            Temple (1/1) D:5            Lair (6/6) D:10
  Swamp (4/4) Lair:4        Snake (4/4) Lair:3        Slime (5/5) Lair:5
    Orc (2/2) D:12            Elf (3/3) Orc:2        Vaults (5/5) D:14
  Crypt (3/3) Vaults:2       Tomb (0/3) Crypt:3      Depths (5/5) D:15
    Zot (5/5) Depths:5

Altars:
Ashenzari
Cheibriados
Dithmenos
Elyvilon
Fedhas
Gozag
Hepliaklqana
Kikubaaqudgha
Makhleb
Nemelex Xobeh
Okawaru
Qazlal
Ru
Sif Muna
Trog
Uskayaw
Vehumet
Wu Jian
Xom
Yredelemnul
Zin
The Shining One
Beogh

Shops:
D:4 }   D:12 ?   D:15 }   Orc:2 *([(   Elf:2 :*%   Elf:3 (*   Snake:1 =
Vaults:1 ?   Depths:3 *   Depths:5 =}=

Portals:
Hell: Depths:1 Depths:2 Depths:3 Depths:4 Depths:5
Abyss: Depths:1 Depths:2 Depths:4
Pandemonium: Depths:3
Ziggurat: Depths:3

Annotations:
Lair:4 exclusion: 4 oklob plants
Elf:3 3 runed doors, DAR's ghost, adept HuHu
Vaults:4 1 runed door, VeryBadPlayer's ghost, adept DEWz
Depths:5 1 runed door, Joqin's ghost, veteran CeHu


Innate Abilities, Weirdness & Mutations

You are resistant to torment.
Your stone body is resilient. (AC +20)
You are immune to poison.
Your large and strong wings let you fly indefinitely.
You resist negative energy. (rN+)
You are resistant to electric shocks. (rElec)
You can survive without breathing.
You are immune to petrification.
You are immune to rotting.
You are partially covered in large bone plates. (SH +4)
You are partially covered in rugged brown scales. (AC +1, +3% HP)
You are agile. (Dex +2)
You are robust. (+10% HP)
Your spells are a little harder to cast, but a little more powerful.


Message History

Woaj gestures at you.
You barely resist. The floating eye's view fixates on you.
The floating eye seems to glare at you.
Woaj sneers, "I will feast on thy will!"
Woaj gestures at you.
You barely resist.
You start to feel a little slower.
Your surroundings seem slightly different.
The floating eye gazes piercingly through you!
You suddenly lose the ability to move!
Woaj gestures at you.
Helpless, you fail to dodge the crystal spear.
* * * LOW HITPOINT WARNING * * *
Woaj hits you but does no damage.
The floating eye gazes piercingly through you!
You shrug off the repeated paralysis!
The floating eye seems to glare at you. Woaj gestures at you.
Helpless, you fail to dodge the crystal spear.
You die...

...........# #...... ...........#
#...... #..##'##...# { #&G....
#..#...#...# #.{GG.. #..'...#...#
#.{.... #..#...#...# #......
#..##'##...################G.....
.......................G.........
......).........@&.G.G...........
........[........................
..........)......................
.................................
............)....................
#################################


You could see Woaj, a shining eye and 2 floating eyes.

Vanquished Creatures
  Cerebov (Pan)
  the Royal Jelly (Slime:5)
  Gloorx Vloq (Pan)
  Lom Lobon (Pan)
  Mnoleg (Pan)
  Mara (Crypt:2)
  5 ancient liches
  2 orbs of fire (Zot:5)
  15 pandemonium lords (Pan)
  A juggernaut (Depths:1)
  Sojobo (Crypt:2)
  The ghost of raetorn the Devastator, a veteran DgFE (Depths:4)
  Boris (twice) (Vaults:3 Depths:5)
  Frederick (Depths:5)
  Saint Roka (Crypt:3)
  the Lernaean hydra (Swamp:4)
  Margery (Vaults:4)
  3 curse toes
  A caustic shrike (Depths:1)
  A caustic shrike (shapeshifter) (Vaults:4)
  7 golden dragons
  A profane servitor (Crypt:3)
  Jory (Depths:5)
  Nikola (Swamp:1)
  A bone dragon (Crypt:3)
  10 Tzitzimimeh (Pan)
  5 liches
  14 Brimstone Fiends (Pan)
  The ghost of Reogah the Impaler, an adept MfBe of Trog (Vaults:3)
  13 Ice Fiends (Pan)
  3 hellephants
  18 Hell Sentinels (Pan)
  15 tentacled monstrosities
  7 titans
  3 deep elf blademasters
  Asterion (Depths:3)
  2 deep elf master archers (Elf:3)
  8 Orb Guardians (Zot:5)
  4 quicksilver dragons
  10 death cobs
  5 sphinxes
  Frances (D:14)
  6 tentacled starspawn
  29 Executioners
  4 ancient champions
  22 acid blobs
  3 thorn hunters
  12 storm dragons
  13 shadow dragons
  Donald (Crypt:1)
  7 tengu reavers
  10 draconian monks
  A daeva (Pan)
  2 revenants
  10 azure jellies
  12 nagarajas
  9 fire giants
  8 deep elf sorcerers
  12 vault wardens
  The ghost of Xecimisump the Fighter, a journeyman DrMo of Cheibriados (Swamp:3)
  3 iron dragons
  7 frost giants
  7 ghost moths
  An imperial myrmidon (Desolation)
  5 draconian scorchers
  47 balrugs
  An orc warlord (Elf:3)
  9 draconian knights
  4 draconian shifters
  25 cacodemons (Pan)
  4 draconian stormcallers
  4 deep elf elementalists (Elf:3)
  10 warmongers (Pan)
  A ghoul (Crypt:3)
  4 curse skulls
  4 war gargoyles
  17 draconian annihilators
  19 reapers (Pan)
  35 very ugly things
  6 spriggan defenders
  14 ironheart preservers
  A caustic shrike skeleton (Depths:4)
  11 blood saints (Pan)
  An entropy weaver (Vaults:4)
  5 vampire knights
  17 green draconians
  7 corrupters (Pan)
  19 purple draconians
  14 black draconians
  9 lorocyprocas (Pan)
  4 deep elf annihilators (Elf:3)
  3 halazid warlocks (Desolation)
  16 dire elephants (Depths:3)
  20 stone giants
  3 spark wasps
  8 deep elf demonologists
  13 black suns (Pan)
  13 yellow draconians
  Azrael (D:15)
  13 white draconians
  13 ettins
  14 red draconians
  28 green deaths (Pan)
  26 blizzard demons (Pan)
  11 deep elf death magi
  An eidolon (Elf:1)
  3 crystal guardians
  A merfolk impaler (Depths:4)
  8 death oozes
  15 jiangshi
  16 great orbs of eyes
  5 deep elf high priests
  8 fire dragons
  5 ragged hierophants (Desolation)
  6 rakshasas
  A great orb of eyes (shapeshifter) (Abyss:4)
  7 peacekeepers (Desolation)
  11 yaktaur captains
  4 servants of whispers (Desolation)
  29 vault guards
  19 monstrous demonspawn (Pan)
  Harold (D:8)
  A spriggan air mage (Depths:3)
  19 hydras
  19 naga warriors
  9 ice dragons
  2 spectral shadow dragons (Crypt:3)
  A ghost crab (Swamp:4)
  18 anacondas
  3 death knights (Crypt:3)
  20 ogre magi
  67 two-headed ogres
  12 centaur warriors
  31 dancing weapons
  2 deep troll earth magi (Vaults:4)
  8 alligators
  4 hell hogs (Pan)
  7 deep troll shamans
  7 tengu warriors
  3 orc high priests (Elf:3)
  2 vampire magi
  12 thrashing horrors
  The ghost of TheWayOfAllFlesh the Martial Artist, a novice DgTm (D:9)
  146 sun demons (Pan)
  9 naga sharpshooters
  6 shock serpents
  26 deep elf knights
  Urug (D:11)
  70 soul eaters (Pan)
  3 spriggan berserkers
  49 sixfirhies (Pan)
  6 wretched stars
  A titan skeleton (Pan)
  A storm dragon zombie (Depths:1)
  12 shadow wraiths
  A spark wasp zombie (Depths:2)
  A salamander mystic (Snake:4)
  A storm dragon skeleton (Depths:4)
  3 sea snakes (Snake:3)
  27 deep trolls
  A deep troll (shapeshifter) (Elf:1)
  17 infernal demonspawn (Pan)
  6 iron trolls
  15 wizards
  A sea snake (shapeshifter) (Abyss:4)
  3 unseen horrors (shapeshifter)
  30 skeletal warriors
  2 death drakes (Depths:5)
  9 glowing orange brains
  21 hell knights
  4 spriggan druids
  14 unseen horrors
  18 gelid demonspawn (Pan)
  20 shadow demons (Pan)
  2 spatial maelstroms (Abyss:2)
  5 flayed ghosts
  3 shambling mangroves
  The ghost of Muschelhups the Basher, a novice GrFi (D:8)
  11 naga ritualists
  16 swamp dragons
  A shadow dragon zombie (Depths:1)
  11 torturous demonspawn (Pan)
  5 phantasmal warriors
  22 deep elf archers
  9 necromancers
  5 lindwurms
  An orange crystal statue (Abyss:5)
  21 ironbrand convokers
  A mana viper (shapeshifter) (Abyss:4)
  12 orc knights
  A fire giant zombie (Vaults:5)
  A golden dragon skeleton (Depths:4)
  39 ugly things
  A tengu skeleton (Depths:3)
  4 harpies (Vaults:4)
  43 deep elf magi
  14 mana vipers
  2 manticores
  2 orc sorcerers
  4 salamanders
  7 wolf spiders
  8 cyclopes
  A human zombie (Vaults:5)
  An iron dragon skeleton (Pan)
  4 worldbinders
  5 shining eyes
  A shadow dragon skeleton (Vaults:5)
  19 naga magi
  7 guardian serpents
  An elephant (shapeshifter) (Vaults:4)
  13 elephants
  An ice statue (D:11)
  A fire giant skeleton (Depths:3)
  A toenail golem (Pan)
  An apocalypse crab (Abyss:2)
  A sphinx skeleton (Depths:3)
  A frost giant skeleton (Depths:4)
  30 moths of wrath
  2 stone giant skeletons
  42 black mambas
  4 rust devils (Pan)
  Maurice (D:8)
  25 vault sentinels
  6 gargoyles
  A torpor snail (Lair:6)
  75 smoke demons
  3 eyes of devastation
  A spiny frog (shapeshifter) (Abyss:2)
  45 orange demons
  10 hellions
  26 spiny frogs
  A rime drake (Lair:5)
  16 tormentors (Pan)
  16 efreet
  2 yaktaurs (shapeshifter)
  2 ancient zymes
  40 hellwings
  10 freezing wraiths
  48 demonic crawlers
  4 kobold demonologists
  45 yaktaurs
  2 tengu conjurers
  5 ice devils (Pan)
  8 komodo dragons
  45 red devils (Pan)
  A death yak skeleton (Crypt:1)
  A yellow draconian skeleton (Crypt:2)
  6 polar bears
  A jumping spider (shapeshifter) (D:15)
  A wind drake (shapeshifter) (Vaults:3)
  16 trolls
  16 blink frogs
  32 saltlings (Desolation)
  11 tyrant leeches
  23 hornets
  7 bog bodies
  75 slime creatures
  A spriggan zombie (Depths:2)
  3 wind drakes (Depths:5)
  5 raiju (Abyss:4)
  A fire dragon zombie (Abyss:2)
  8 hippogriffs
  7 dream sheep
  An elf zombie (Depths:4)
  A human simulacrum (Vaults:1)
  A frost giant simulacrum (Abyss:4)
  4 air elementals
  A snapping turtle (Pan)
  An iron dragon simulacrum (Crypt:3)
  An alligator skeleton (Pan)
  55 flying skulls
  12 spriggans
  A yak (shapeshifter) (Elf:1)
  3 redbacks
  12 wyverns
  55 ynoxinuls
  An orc simulacrum (Vaults:1)
  An ice dragon skeleton (Pan)
  4 water elementals
  7 shadows
  3 vampires
  57 yaks
  2 humans (shapeshifter) (Depths:2)
  8 wraiths
  9 basilisks
  5 hungry ghosts
  A basilisk (shapeshifter) (Vaults:5)
  9 fire elementals
  5 golden eyes
  3 fire bats (Pan)
  A hog (shapeshifter) (Abyss:4)
  75 chaos spawn
  20 vampire mosquitoes
  An emperor scorpion simulacrum (Abyss:4)
  2 wargs
  42 neqoxecs
  85 large abominations
  4 spatial vortices
  30 water moccasins
  A hydra simulacrum (Crypt:3)
  11 insubstantial wisps (Swamp:3)
  49 nagas
  11 swamp worms
  8 hell hounds
  3 acid dragons
  3 floating eyes
  7 porcupines
  9 small abominations
  23 orc warriors
  24 swamp drakes
  2 black bears
  2 phantoms
  5 eyes of draining
  3 ice beasts
  4 sky beasts
  An eye of draining (shapeshifter) (D:14)
  5 necrophages
  2 boggarts (Vaults:2)
  54 ogres
  12 wolves
  19 centaurs
  11 crocodiles
  A big kobold (D:11)
  A bullfrog (shapeshifter) (Depths:1)
  13 bullfrogs
  An ogre simulacrum (Vaults:1)
  3 earth elementals
  A gnoll sergeant (D:6)
  A glowing shapeshifter simulacrum (Depths:2)
  A salamander skeleton (Crypt:2)
  A scorpion (D:8)
  10 killer bees
  A polar bear skeleton (Crypt:2)
  13 wights
  7 electric eels
  5 howler monkeys
  2 centaur zombies
  13 crimson imps
  2 quasits
  2 wolf skeletons
  35 starcursed masses
  15 orc priests
  9 hounds
  2 jellies
  A basilisk zombie (Crypt:2)
  4 centaur skeletons
  2 bullfrog skeletons
  6 iguanas
  An iron imp (Abyss:4)
  13 human skeletons
  14 worker ants
  21 orc wizards
  A crocodile zombie (Crypt:2)
  A bullfrog simulacrum (D:13)
  A crocodile skeleton (Crypt:1)
  A hound zombie (D:7)
  A hound skeleton (D:4)
  2 worker ant zombies
  6 gnolls
  22 adders
  6 shadow imps
  3 white imps
  3 oozes
  An adder skeleton (D:4)
  An adder zombie (D:8)
  An iguana skeleton (Crypt:1)
  A worm (D:6)
  2 ball lightnings (Pan)
  2 dart slugs
  6 leopard geckos
  95 orcs
  4 giant cockroaches
  12 hobgoblins
  11 jackals
  21 kobolds
  5 quokkas
  2 ball pythons (D:4)
  4 bats
  6 frilled lizards
  A frilled lizard zombie (Crypt:1)
  10 goblins
  A jackal zombie (Crypt:1)
  2 leopard gecko skeletons (D:4)
  2 quokka skeletons
  2 quokka zombies
  4 rats
  A rat zombie (Crypt:1)
  4 briar patches (Swamp:4)
  A crawling corpse (Elf:3)
  2 fire vortices (Pan)
  3 fungi
  A lurking horror (Abyss:4)
  A pillar of salt (Pan)
  4 plants
  3 starspawn tentacles
4040 creatures vanquished.

Vanquished Creatures (collateral kills)
  Mennas (Vaults:4)
  A deep elf sorcerer (Elf:3)
  A deep elf elementalist (Elf:3)
3 creatures vanquished.

Vanquished Creatures (others)
  A pandemonium lord (Pan)
  A titan (Depths:4)
  A deep elf master archer (Elf:3)
  An eldritch tentacle (Pan)
  A draconian annihilator (Zot:1)
  A stone giant (Depths:4)
  A blood saint (Pan)
  Nessos (Lair:5)
  A green death (Pan)
  A yaktaur captain (Depths:3)
  An ogre mage (Depths:4)
  A naga sharpshooter (Snake:4)
  A deep elf knight (Elf:3)
  A sixfirhy (Pan)
  A lindwurm (Depths:5)
  3 deep elf archers
  A mana viper (Snake:3)
  3 deep elf magi
  A moth of wrath (Zot:5)
  A cyclops (D:14)
  A guardian serpent (Desolation)
  A kobold demonologist (Depths:2)
  5 yaktaurs
  2 hellwings (Pan)
  An ancient zyme (Abyss:2)
  A blink frog (Abyss:4)
  A hornet (Swamp:3)
  A saltling (Desolation)
  3 spriggans (Swamp:4)
  A ynoxinul (Pan)
  A human (Depths:2)
  A neqoxec (Pan)
  A fire bat (Pan)
  4 chaos spawn (Pan)
  A swamp drake (Swamp:4)
  A small abomination (Abyss:4)
  2 ball lightnings (Pan)
  An orc (Vaults:4)
  A kobold (Bailey)
  A briar patch (Swamp:4)
  2 butterflies (Lair:5)
  A crawling corpse (Elf:3)
  93 fungi
  2 lurking horrors (Abyss:4)
  8 pillars of salt (Pan)
  77 plants
  12 starspawn tentacles
250 creatures vanquished.

Grand Total: 4293 creatures vanquished

Notes
Turn   | Place    | Note
-------+----------+-------------------------------------------
     0 | D:1      | IceCat the Gargoyle Gladiator began the quest for the Orb.
     0 | D:1      | Reached XP level 1. HP: 12/12 MP: 1/1
   167 | D:1      | Reached XP level 2. HP: 12/17 MP: 2/2
   822 | D:1      | Found a sparkling altar of Nemelex Xobeh.
  1067 | D:2      | Reached XP level 3. HP: 14/22 MP: 3/3
  1188 | D:2      | Reached skill level 1 in Armour
  1372 | D:2      | Reached XP level 4. HP: 27/27 MP: 4/4
  1890 | D:3      | Reached XP level 5. HP: 19/31 MP: 5/5
  2266 | D:3      | Found a stormy altar of Qazlal.
  2394 | D:4      | Found Guisuhio's Gadget Emporium.
  2440 | D:4      | Reached skill level 3 in Fighting
  2440 | D:4      | Reached XP level 6. HP: 15/37 MP: 6/6
  2659 | D:4      | Reached skill level 5 in Axes
  3080 | D:4      | Found a roughly hewn altar of Beogh.
  3350 | D:5      | Entered Level 5 of the Dungeon
  3360 | D:4      | Reached XP level 7. HP: 36/41 MP: 7/7
  4051 | D:5      | Reached skill level 4 in Fighting
  4064 | D:5      | Reached XP level 8. HP: 39/48 MP: 8/8
  4266 | D:5      | Found a staircase to the Ecumenical Temple.
  4283 | Temple   | Entered the Ecumenical Temple
  4319 | Temple   | Became a worshipper of the Shining One
  5191 | D:6      | Found a shimmering altar of Xom.
  5260 | D:7      | Reached skill level 5 in Fighting
  5435 | D:7      | Reached XP level 9. HP: 52/54 MP: 9/9
  5659 | D:7      | Reached * piety under the Shining One
  5985 | D:7      | Noticed a kobold demonologist
  5994 | D:7      | Killed a kobold demonologist
  6684 | D:8      | Found a transporter.
  6687 | D:8      | Found a transporter.
  6687 | D:8      | Noticed Muschelhups's ghost (novice GrFi)
  6704 | D:8      | Noticed a yaktaur captain
  6741 | D:8      | Noticed Maurice
  6880 | D:8      | Reached skill level 6 in Fighting
  7145 | D:8      | Reached skill level 10 in Axes
  7163 | D:8      | Reached skill level 1 in Invocations
  7171 | D:8      | Reached XP level 10. HP: 54/60 MP: 10/10
  7335 | D:8      | Noticed Harold
  7361 | D:8      | Killed Harold
  7361 | D:8      | Reached skill level 5 in Dodging
  7542 | D:8      | Killed Maurice
  7833 | D:9      | Reached ** piety under the Shining One
  8527 | D:9      | Found an opulent altar of Gozag.
  8772 | D:9      | Found a runed door.
  8772 | D:9      | Noticed a cyclops
  8772 | D:9      | Noticed TheWayOfAllFlesh's ghost (novice DgTm)
  8807 | D:10     | Entered Level 10 of the Dungeon
  8888 | D:10     | Reached skill level 7 in Fighting
  8893 | D:10     | Reached XP level 11. HP: 67/67 MP: 13/13
  8950 | D:10     | Found a staircase to the Lair.
  9361 | D:10     | Reached *** piety under the Shining One
  9629 | D:10     | Noticed a centaur warrior
  9639 | D:10     | Killed a centaur warrior
  9976 | D:11     | Noticed a centaur warrior
  9982 | D:11     | Killed a centaur warrior
 10040 | D:11     | Noticed an unseen horror
 10061 | D:11     | Killed an unseen horror
 10337 | D:11     | Reached skill level 5 in Armour
 10730 | D:11     | Noticed a two-headed ogre
 10745 | D:11     | Killed a two-headed ogre
 10766 | D:11     | Noticed Urug
 10791 | D:11     | Killed Urug
 10791 | D:11     | Reached skill level 5 in Invocations
 10958 | D:12     | Reached XP level 12. HP: 64/73 MP: 15/15
 11016 | D:12     | Reached skill level 8 in Fighting
 11092 | D:12     | Found a flagged portal.
 11206 | Bailey   | Entered a bailey
 11654 | D:12     | Found Aloenn's Magic Scroll Shoppe.
 11660 | D:12     | Bought a scroll of identify for 30 gold pieces
 11660 | D:12     | Bought a scroll of identify for 30 gold pieces
 11660 | D:12     | Bought a scroll of remove curse for 45 gold pieces
 11973 | D:12     | Reached **** piety under the Shining One
 12052 | D:12     | Found a staircase to the Orcish Mines.
 12119 | D:12     | Identified a scroll of acquirement
 12162 | Orc:1    | Entered Level 1 of the Orcish Mines
 12388 | Orc:2    | Entered Level 2 of the Orcish Mines
 12551 | Orc:1    | Found a frozen archway.
 12552 | Orc:1    | Noticed an ice dragon
 13006 | Orc:2    | Noticed an ettin
 13484 | Lair:1   | Entered Level 1 of the Lair of Beasts
 13488 | Lair:1   | Noticed a seven-headed hydra
 13834 | D:13     | Noticed a tengu warrior
 13848 | D:13     | Killed a tengu warrior
 13916 | D:13     | Noticed a centaur warrior
 14205 | D:13     | Killed a centaur warrior
 14205 | D:13     | Reached skill level 1 in Shields
 14396 | D:13     | Noticed a centaur warrior
 14405 | D:13     | Killed a centaur warrior
 14405 | D:13     | Reached skill level 9 in Fighting
 14405 | D:13     | Reached skill level 15 in Axes
 14405 | D:13     | Reached XP level 13. HP: 56/80 MP: 17/17
 14986 | D:13     | Reached ***** piety under the Shining One
 15425 | D:12     | Got a clouded pewter ring
 15426 | D:12     | Identified the ring "Iteidimp" {rPois rN+++ AC+3 Int-2
                  | SInv} (You acquired it on level 12 of the Dungeon)
 15968 | D:13     | Noticed a rakshasa
 16294 | D:13     | Killed a rakshasa
 16571 | D:13     | Got a translucent bone amulet
 16863 | D:13     | Identified the Almanac of Freezing Envenoming
 17412 | Lair:1   | Reached skill level 5 in Shields
 18015 | Lair:1   | Gained mutation: Your large and strong wings let you fly
                  | indefinitely. [Gargoyle growth]
 18015 | Lair:1   | Reached XP level 14. HP: 83/87 MP: 19/19
 18038 | Lair:1   | Found the +8 whip "Snakebite" {curare, rPois}
 18486 | Lair:2   | Identified the amulet of Ratwel {rF- Regen+ Int+6} (You
                  | took it off a rakshasa on level 13 of the Dungeon)
 18576 | Lair:2   | Reached skill level 10 in Fighting
 19249 | Lair:3   | Found a staircase to the Snake Pit.
 19920 | Lair:4   | Found a staircase to the Swamp.
 20588 | Lair:5   | Found a staircase to the Slime Pits.
 20695 | Lair:5   | Got a warped trident
 20696 | Lair:5   | Identified the +8 trident "Simaonn" {speed, MR+ Stlth+}
                  | (You found it on level 5 of the Lair of Beasts)
 20873 | Lair:5   | Noticed Nessos
 20882 | Lair:5   | Killed Nessos
 21508 | Lair:6   | Entered Level 6 of the Lair of Beasts
 22168 | Lair:6   | Reached XP level 15. HP: 93/93 MP: 21/21
 22509 | Lair:6   | Reached skill level 11 in Fighting
 22729 | Lair:6   | Got a faintly glowing rapier
 22730 | Lair:6   | Identified the +8 rapier of Igafif {pain, rN+ Str+4 Int+4
                  | Dex-3} (You found it on level 6 of the Lair of Beasts)
 23286 | Swamp:1  | Entered Level 1 of the Swamp
 23307 | Swamp:1  | Noticed a thorn hunter
 23334 | Swamp:1  | Killed a thorn hunter
 23660 | Swamp:1  | Noticed Nikola
 23826 | Swamp:1  | Killed Nikola
 24099 | Swamp:1  | Found the +8 mithril axe "Arga" {speed, MR+}
 24346 | Swamp:2  | Reached ****** piety under the Shining One
 24493 | Swamp:2  | Found a hide-covered altar of Uskayaw.
 24537 | Swamp:2  | Reached skill level 10 in Invocations
 24795 | Swamp:2  | Reached XP level 16. HP: 101/101 MP: 23/23
 25017 | Swamp:3  | Found a runed door.
 25048 | Swamp:3  | Noticed Xecimisump's ghost (journeyman DrMo)
 25053 | Swamp:3  | Reached skill level 12 in Fighting
 25080 | Swamp:3  | Noticed a thorn hunter
 25106 | Swamp:3  | Killed a thorn hunter
 25106 | Swamp:3  | Reached skill level 10 in Shields
 25233 | Swamp:3  | Reached XP level 17. HP: 106/106 MP: 24/24
 25896 | Swamp:4  | Entered Level 4 of the Swamp
 26201 | Swamp:4  | Noticed the 27-headed Lernaean hydra
 26610 | Swamp:4  | Got a decaying rune of Zot
 27050 | Snake:1  | Entered Level 1 of the Snake Pit
 27064 | Snake:1  | Found Qierhoiph's Jewellery Shoppe.
 27082 | Snake:1  | Found a bloodstained altar of Trog.
 27305 | Snake:1  | Got a scorched rapier
 27306 | Snake:1  | Identified the +7 rapier "Xaduin" {antimagic, MR+} (You
                  | found it on level 1 of the Snake Pit)
 27364 | Snake:1  | Reached skill level 13 in Fighting
 28167 | Snake:2  | Reached XP level 18. HP: 114/114 MP: 26/26
 28261 | Snake:2  | Reached skill level 1 in Spellcasting
 28821 | Snake:2  | Identified a +7 broad axe of holy wrath (a +5 broad axe
                  | blessed by the Shining One)
 28821 | Snake:2  | Received a gift from the Shining One
 30073 | Snake:3  | Got a twisted mace
 30074 | Snake:3  | Identified the +8 mace "Moykawku" {antimagic, *Rage rC+++
                  | Dex+4} (You found it on level 3 of the Snake Pit)
 30311 | Snake:4  | Entered Level 4 of the Snake Pit
 30412 | Snake:4  | Reached skill level 5 in Evocations
 31800 | Snake:4  | Reached skill level 10 in Armour
 32032 | Snake:4  | Reached XP level 19. HP: 107/120 MP: 28/28
 32182 | Snake:4  | Reached skill level 14 in Fighting
 32444 | Snake:4  | Reached skill level 15 in Shields
 32889 | Snake:4  | Got a serpentine rune of Zot
 32965 | Snake:4  | Got an amber-encrusted scale mail
 33242 | Snake:4  | Identified the cursed +1 scale mail "Fagododu" {rF+} (You
                  | found it on level 4 of the Snake Pit)
 33379 | Lair:3   | Learned a level 2 spell: Blink
 33859 | Orc:2    | Found Siofoki's Antique Weapon Emporium.
 33862 | Orc:2    | Reached skill level 1 in Translocations
 33876 | Orc:2    | Found Mageumm's Antique Weapon Boutique.
 33876 | Orc:2    | Found Cauvum's General Store.
 33886 | Orc:2    | Reached skill level 5 in Spellcasting
 33889 | Orc:2    | Found Ulepaem's Antique Armour Boutique.
 33979 | Orc:2    | Found a staircase to the Elven Halls.
 34339 | Orc:2    | Bought a translucent helmet for 304 gold pieces
 34339 | Orc:2    | Bought a transparent chain mail for 304 gold pieces
 34349 | Orc:2    | Identified the +4 chain mail of Lassiym {rElec} (You bought
                  | it in a shop on level 2 of the Orcish Mines)
 34359 | Orc:2    | Identified the +0 helmet of Eternal Vigilance {rN+ Dex+8}
                  | (You bought it in a shop on level 2 of the Orcish Mines)
 34664 | D:14     | Found a blossoming altar of Fedhas.
 34745 | D:14     | Noticed Frances
 34761 | D:14     | Killed Frances
 35019 | D:14     | Found a gate to the Vaults.
 35273 | D:15     | Entered Level 15 of the Dungeon
 35286 | D:15     | Found a staircase to the Depths.
 35390 | D:15     | Found a shadowy altar of Dithmenos.
 35449 | D:15     | Noticed Azrael
 35483 | D:15     | Killed Azrael
 35522 | D:15     | Found Baever Zamo's Gadget Shop.
 36169 | Vaults:1 | Entered Level 1 of the Vaults
 36264 | Vaults:1 | Learned a level 6 spell: Deflect Missiles
 36307 | Vaults:1 | Reached XP level 20. HP: 118/128 MP: 29/29
 36313 | Vaults:1 | Found Diepsul's Magic Scroll Emporium.
 36331 | Vaults:1 | Bought a scroll of enchant armour for 135 gold pieces
 36331 | Vaults:1 | Bought a scroll of enchant weapon for 135 gold pieces
 36617 | Vaults:1 | Reached skill level 15 in Fighting
 37423 | Vaults:2 | Found a ruined gateway.
 37459 | Desolati | Entered the Desolation of Salt
 37545 | Desolati | Got a slimy lead amulet
 37546 | Desolati | Identified the amulet "Oriemm" {+Rage MR- Str+3 Int+3} (You
                  | found it in the Desolation of Salt)
 37548 | Desolati | Identified the Disquisition on the Birds and the Compass
 37798 | Desolati | Identified Bousoo Asyan's Compendium of Mutagenic Cold
 37800 | Desolati | Identified the Catalogue of Creative Clay
 37805 | Desolati | Got a smoking golden ring
 37807 | Desolati | Identified the cursed ring "Ysarad" {+Fly rPois Int+4
                  | Dex-2} (You found it in the Desolation of Salt)
 37832 | Desolati | Got a wavering amber ring
 37838 | Desolati | Identified the ring of the Burgomaster {Fire -Tele Str+4
                  | Dex+5 Slay+2} (You found it in the Desolation of Salt)
 37918 | Desolati | Identified the Compendium of Fire and Evil
 37920 | Desolati | Identified the Almanac of Creation and the Compass
 38112 | Desolati | Got a twitching platinum ring
 38116 | Desolati | Identified the ring "Fuenyure" {rPois EV+3} (You found it
                  | in the Desolation of Salt)
 38502 | Vaults:2 | Reached skill level 5 in Translocations
 38744 | Vaults:2 | Reached XP level 21. HP: 136/136 MP: 31/31
 38906 | Vaults:2 | Reached skill level 16 in Fighting
 38950 | Vaults:2 | Found a staircase to the Crypt.
 39476 | Vaults:3 | Found the +8 glaive of the Guard {elec, +Rage AC+5 SInv}
 39637 | Vaults:3 | Noticed Boris
 39652 | Vaults:3 | Killed Boris
 40531 | Vaults:3 | Found a runed door.
 40531 | Vaults:3 | Found a shimmering altar of Xom.
 40534 | Vaults:3 | Noticed Reogah's ghost (adept MfBe)
 40572 | Vaults:4 | Noticed Mennas
 40610 | Vaults:4 | Killed Mennas
 41741 | Vaults:4 | Reached skill level 17 in Fighting
 41745 | Vaults:4 | Reached XP level 22. HP: 98/144 MP: 34/34
 42002 | Vaults:4 | Noticed Margery
 42027 | Vaults:4 | Killed Margery
 42271 | Vaults:4 | Found a runed door.
 42271 | Vaults:4 | Found a shimmering altar of Xom.
 42271 | Vaults:4 | Noticed VeryBadPlayer's ghost (adept DEWz)
 42316 | Vaults:4 | Reached skill level 10 in Dodging
 43282 | D:8      | Killed Muschelhups's ghost
 43479 | D:9      | Killed TheWayOfAllFlesh's ghost
 43863 | Swamp:3  | Killed Xecimisump's ghost
 44287 | Crypt:1  | Entered Level 1 of the Crypt
 44395 | Crypt:1  | Learned a level 2 spell: Passwall
 44398 | Crypt:1  | Learned a level 2 spell: Swiftness
 44742 | Crypt:1  | Noticed Donald
 44775 | Crypt:1  | Killed Donald
 45337 | Crypt:2  | Noticed Mara
 45338 | Crypt:2  | Noticed IceCat's illusion
 45358 | Crypt:2  | Killed Mara
 45404 | Crypt:2  | Noticed Sojobo
 45454 | Crypt:2  | Killed Sojobo
 46536 | Crypt:3  | Entered Level 3 of the Crypt
 46575 | Crypt:3  | Noticed Saint Roka
 46600 | Crypt:3  | Killed Saint Roka
 46600 | Crypt:3  | Reached skill level 18 in Fighting
 46849 | Crypt:3  | Reached XP level 23. HP: 152/152 MP: 36/36
 46872 | Crypt:3  | Found a basalt altar of Yredelemnul.
 47132 | Crypt:3  | Reached skill level 10 in Evocations
 47182 | Crypt:3  | Identified Vocvul's Grimoire of the Dusty Entourage
 47353 | Crypt:3  | Identified the +1 ring mail of the Demon Prince {*Drain
                  | MR++ Int+8 Slay-6} (You found it on level 3 of the Crypt)
 47355 | Crypt:3  | Got a slimy rapier
 47356 | Crypt:3  | Identified the +0 rapier "Sout" {pierce, rElec rF+} (You
                  | found it on level 3 of the Crypt)
 47400 | Crypt:3  | Reached skill level 10 in Spellcasting
 47562 | Crypt:3  | Found a staircase to the Tomb.
 47591 | Crypt:3  | Identified Sif Muna's Collected Works on Ashen
                  | Contamination
 48218 | Swamp:1  | Reached XP level 24. HP: 159/159 MP: 37/37
 48481 | Swamp:4  | Killed the 18-headed Lernaean hydra
 48923 | Depths:1 | Entered Level 1 of the Depths
 49135 | Depths:1 | Reached skill level 1 in Charms
 49145 | Depths:1 | Reached skill level 1 in Air Magic
 49235 | Depths:1 | Identified the Grimoire of Captivating Transformation
 49290 | Depths:1 | Noticed a caustic shrike
 49305 | Depths:1 | Killed a caustic shrike
 49680 | Depths:1 | Found a one-way gate to the infinite horrors of the Abyss.
 49807 | Depths:1 | Noticed a juggernaut
 49840 | Depths:1 | Killed a juggernaut
 49840 | Depths:1 | Reached skill level 19 in Fighting
 50052 | Depths:1 | Reached XP level 25. HP: 134/165 MP: 37/37
 50063 | Depths:1 | Found a gateway to Hell.
 50300 | Depths:1 | Identified the +1 ring mail of Defence {Regen+ Int+7 Dex-4
                  | Stlth+} (You found it on level 1 of the Depths)
 50319 | Depths:1 | Identified the +4 chain mail of Ylukled {rC++} (You found
                  | it on level 1 of the Depths)
 50361 | Depths:1 | Found the +2 pair of boots of the Assassin {Detection Stab+
                  | Stlth++}
 51541 | Depths:2 | Found a burning altar of Makhleb.
 51548 | Depths:2 | Identified the Grimoire of Enhancements and Transformation
 51551 | Depths:2 | Identified the +2 plate armour of Okawaru's Supremacy
                  | {Int+3} (You found it on level 2 of the Depths)
 51591 | Depths:2 | Found a runed door.
 51638 | Depths:2 | Found a runed door.
 52375 | Depths:3 | Noticed Asterion
 52405 | Depths:3 | Killed Asterion
 52504 | Depths:3 | Found a one-way gate leading to the halls of Pandemonium.
 52603 | Depths:3 | Found Seigi's Assorted Antiques.
 52611 | Depths:3 | Bought a scroll of blinking for 315 gold pieces
 52943 | Depths:3 | Found a gateway to a ziggurat.
 53176 | Depths:3 | Reached XP level 26. HP: 153/173 MP: 38/38
 53194 | Depths:3 | Reached skill level 20 in Fighting
 53212 | Depths:3 | Reached skill level 5 in Charms
 53680 | Depths:4 | Found a runed gate.
 53680 | Depths:4 | Found a runed gate.
 53680 | Depths:4 | Found a runed gate.
 53696 | Depths:4 | Noticed raetorn's ghost (veteran DgFE)
 54140 | Depths:4 | Reached skill level 5 in Air Magic
 54847 | Depths:5 | Entered Level 5 of the Depths
 54869 | Depths:5 | Found a shattered altar of Ashenzari.
 54871 | Depths:5 | Noticed Jory
 54889 | Depths:5 | Noticed Frederick
 54893 | Depths:5 | Killed Jory
 54916 | Depths:5 | Killed Frederick
 54956 | Depths:5 | Paralysed by a floating eye for 2 turns
 54995 | Depths:5 | Found a runed door.
 54995 | Depths:5 | Noticed Joqin's ghost (veteran CeHu)
 55531 | Depths:5 | Found Bocutori's Jewellery Boutique.
 55532 | Depths:5 | Found Orowoh's Gadget Emporium.
 55532 | Depths:5 | Noticed Boris
 55533 | Depths:5 | Found Iziuwum's Jewellery Boutique.
 55556 | Depths:5 | Killed Boris
 55577 | Depths:5 | Bought the ring of Quqirur {Wiz rElec rF+} for 1122 gold
                  | pieces
 55745 | Depths:5 | Found a gate to the Realm of Zot.
 56246 | Elf:1    | Entered Level 1 of the Elven Halls
 57344 | Elf:1    | Reached XP level 27. HP: 171/181 MP: 39/39
 57392 | Elf:1    | Identified the Tome of Enchantment
 57515 | Elf:2    | Found Cooxuask's Food Shop.
 57516 | Elf:2    | Identified the +4 ring mail of Zuhemaf {rPois rF+ Regen+}
                  | (You found it on level 2 of the Elven Halls)
 57596 | Elf:2    | Found Laifoyt's General Store.
 57708 | Elf:2    | Found a radiant altar of Vehumet.
 57731 | Elf:2    | Found a runed gate.
 57732 | Elf:2    | Found a runed gate.
 57736 | Elf:2    | Found a runed gate.
 57795 | Elf:2    | Found Cezuce's Book Shop.
 58403 | Elf:3    | Entered Level 3 of the Elven Halls
 58507 | Elf:3    | Reached skill level 21 in Fighting
 58829 | Elf:3    | Found Viexaitz's Assorted Antiques.
 58936 | Elf:3    | Found the +10 Black Knight's horse barding {ponderous,
                  | rPois rN+}
 59081 | Elf:3    | Identified the Handbook of Creative Enchantment
 59093 | Elf:3    | Got a jewelled glaive
 59273 | Elf:3    | Got a dazzling arbalest
 59275 | Elf:3    | Identified the +4 arbalest "Piuf" {elec, *Contam rElec
                  | Int+5} (You found it on level 3 of the Elven Halls)
 59277 | Elf:3    | Got a pitted granite ring
 59278 | Elf:3    | Identified the ring "Efio" {Ice rPois Dex+2 SInv Stlth+}
                  | (You acquired it on level 3 of the Elven Halls)
 59487 | Elf:3    | Found a runed gate.
 59487 | Elf:3    | Found a runed gate.
 59487 | Elf:3    | Found a runed gate.
 59489 | Elf:3    | Noticed DAR's ghost (adept HuHu)
 59639 | Elf:3    | Found Racwerho's Weapon Boutique.
 59982 | Elf:3    | Found an iron altar of Okawaru.
 60657 | Vaults:3 | Killed Reogah's ghost
 61137 | Depths:4 | Killed raetorn's ghost
 61352 | Depths:4 | Noticed an ancient lich
 61361 | Depths:4 | Cast into level 5 of the Abyss (an ancient lich)
 61361 | Abyss:5  | Entered Level 5 of the Abyss
 61436 | Abyss:5  | Found a transporter.
 61473 | Abyss:5  | Found a transporter.
 61473 | Abyss:5  | Paralysed by accursed screaming for 1 turns
 61488 | Abyss:5  | Paralysed by accursed screaming for 2 turns
 61505 | Abyss:5  | Paralysed by accursed screaming for 1 turns
 61510 | Depths:4 | Escaped the Abyss
 61525 | Depths:4 | Killed an ancient lich
 61540 | Depths:4 | Got a brightly glowing copper ring
 61542 | Depths:4 | Identified the ring "Xeudi" {MR+ AC+5} (You found it on
                  | level 4 of the Depths)
 61552 | Depths:4 | Identified the +1 leather armour "Taimi" {rElec rPois Str-5
                  | Int+3} (You found it on level 4 of the Depths)
 61557 | Depths:4 | Identified the +1 leather armour of Insurance {Regen+
                  | Dex+6} (You found it on level 4 of the Depths)
 62076 | Vaults:5 | Entered Level 5 of the Vaults
 62092 | Vaults:5 | Noticed an ancient lich
 62119 | Vaults:5 | Killed an ancient lich
 62726 | Vaults:5 | Got a steaming glass ring
 62815 | Vaults:5 | Reached skill level 22 in Fighting
 62823 | Vaults:5 | Identified the Disquisition on the Rocks and Conjuration
 62898 | Vaults:5 | Identified the ring of Pioch {MR+ Stlth+} (You took it off
                  | a vault sentinel on level 5 of the Vaults)
 62900 | Vaults:5 | Identified the amulet "Butu" {+Rage +Inv rN+ Dex+4} (You
                  | took it off a frost giant on level 5 of the Vaults)
 63168 | Vaults:5 | Found the +8 demon blade "Leech" {vamp, rN+ AC-3 EV-3}
 63306 | Vaults:5 | Got a pitted great sword
 63377 | Vaults:5 | Got a silver rune of Zot
 63605 | Vaults:5 | Identified the Incunabulum of Insomnia
 64219 | Zot:1    | Entered Level 1 of the Realm of Zot
 65081 | Zot:2    | Reached skill level 10 in Charms
 65422 | Zot:2    | Found a transporter.
 66186 | Zot:2    | Found a transporter.
 66225 | Zot:2    | Got a pitted pewter ring
 66944 | Zot:3    | Reached skill level 10 in Air Magic
 68106 | Zot:3    | Identified the ring "Dollifre" {rC+ MP+9 Str+2 Int+9 Dex-3}
                  | (You found it on level 2 of the Realm of Zot)
 68660 | Zot:4    | Reached skill level 15 in Dodging
 68691 | Zot:4    | Reached skill level 23 in Fighting
 69742 | Zot:5    | Entered Level 5 of the Realm of Zot
 69859 | Zot:5    | Noticed an ancient lich
 69873 | Zot:5    | Killed an ancient lich
 70053 | Zot:5    | Noticed an orb of fire
 70053 | Zot:5    | Gained mutation: Scrolls take you a little longer to read.
                  | [an orb of fire]
 70103 | Zot:5    | Gained mutation: You are clumsy. (Dex -2) [an orb of fire]
 70106 | Zot:5    | Killed an orb of fire
 70261 | Zot:5    | Noticed an ancient lich
 70288 | Zot:5    | Killed an ancient lich
 70396 | Zot:5    | Noticed an orb of fire
 70520 | Zot:5    | Gained mutation: Your body sometimes deteriorates upon
                  | taking damage. [an orb of fire]
 70542 | Zot:5    | Killed an orb of fire
 70542 | Zot:5    | Reached skill level 15 in Spellcasting
 71358 | Temple   | Lost mutation: Your body sometimes deteriorates upon taking
                  | damage. [potion of mutation]
 71358 | Temple   | Lost mutation: You are clumsy. (Dex -2) [potion of
                  | mutation]
 71358 | Temple   | Lost mutation: Scrolls take you a little longer to read.
                  | [potion of mutation]
 71358 | Temple   | Gained mutation: Scrolls take you a little longer to read.
                  | [potion of mutation]
 71358 | Temple   | Gained mutation: You have an increased reservoir of magic.
                  | (+10% MP) [potion of mutation]
 71358 | Temple   | Gained mutation: Your spells are a little easier to cast,
                  | but a little less powerful. [potion of mutation]
 71358 | Temple   | Gained mutation: You are somewhat resistant to further
                  | mutation. [potion of mutation]
 71359 | Temple   | Lost mutation: Scrolls take you a little longer to read.
                  | [potion of mutation]
 71359 | Temple   | Lost mutation: You are somewhat resistant to further
                  | mutation. [potion of mutation]
 71359 | Temple   | Lost mutation: You have an increased reservoir of magic.
                  | (+10% MP) [potion of mutation]
 71359 | Temple   | Gained mutation: Your muscles are strong. (Str +2) [potion
                  | of mutation]
 71359 | Temple   | Gained mutation: You have large cloven feet. [potion of
                  | mutation]
 71359 | Temple   | Gained mutation: You have sharp fingernails. [potion of
                  | mutation]
 71360 | Temple   | Lost mutation: You have sharp fingernails. [potion of
                  | mutation]
 71360 | Temple   | Lost mutation: You have large cloven feet. [potion of
                  | mutation]
 71360 | Temple   | Lost mutation: Your spells are a little easier to cast, but
                  | a little less powerful. [potion of mutation]
 71360 | Temple   | Gained mutation: You are dopey. (Int -2) [potion of
                  | mutation]
 71360 | Temple   | Gained mutation: You are agile. (Dex +2) [potion of
                  | mutation]
 71361 | Temple   | Lost mutation: Your muscles are strong. (Str +2) [potion of
                  | mutation]
 71361 | Temple   | Lost mutation: You are dopey. (Int -2) [potion of mutation]
 71361 | Temple   | Gained mutation: You are partially covered in large bone
                  | plates. (SH +4) [potion of mutation]
 71361 | Temple   | Gained mutation: You are robust. (+10% HP) [potion of
                  | mutation]
 71361 | Temple   | Gained mutation: Your spells are a little harder to cast,
                  | but a little more powerful. [potion of mutation]
 71361 | Temple   | Gained mutation: You are partially covered in rugged brown
                  | scales. (AC +1, +3% HP) [potion of mutation]
 71363 | Temple   | Fell from the grace of the Shining One
 71363 | Temple   | Became a worshipper of Zin the Law-Giver
 71363 | Temple   | Reached * piety under Zin
 71363 | Temple   | Reached ** piety under Zin
 71363 | Temple   | Reached *** piety under Zin
 71363 | Temple   | Reached **** piety under Zin
 71363 | Temple   | Reached ***** piety under Zin
 71642 | Depths:1 | Voluntarily entered the Abyss.
 72159 | Abyss:2  | Reached ****** piety under Zin
 72360 | Abyss:3  | Found a corrupted altar of Lugonu.
 72687 | Abyss:4  | Noticed an ancient lich
 72698 | Abyss:4  | Killed an ancient lich
 72759 | Abyss:4  | Got an abyssal rune of Zot
 72902 | Depths:1 | Escaped the Abyss
 73850 | Slime:1  | Entered Level 1 of the Pits of Slime
 74166 | Slime:5  | Entered Level 5 of the Pits of Slime
 74862 | Slime:5  | Noticed the Royal Jelly
 74924 | Slime:5  | Killed the Royal Jelly
 75338 | Slime:5  | Found the +7 great mace "Firestarter" {inner flame, rF++}
 75401 | Slime:5  | Got a slimy rune of Zot
 75402 | Slime:5  | Identified Kikubaaqudgha's Collected Works on Dark Arts
 75415 | Slime:5  | Identified the +3 scale mail "Utramyre" {rF+ rN+ Regen+}
                  | (You found it on level 5 of the Pits of Slime)
 75428 | Slime:5  | Identified the +4 scale mail "Olawaluff" {Slay+2} (You
                  | found it on level 5 of the Pits of Slime)
 75439 | Slime:5  | Identified the cursed +1 scale mail "Necheido" {Dex+4} (You
                  | found it on level 5 of the Pits of Slime)
 75441 | Slime:5  | Identified the cursed +0 plate armour of the Demon Prince
                  | {+Inv rPois Dex-2} (You found it on level 5 of the Pits of
                  | Slime)
 75915 | Depths:3 | Bought a scroll of blinking for 315 gold pieces
 75915 | Depths:3 | Bought a scroll of holy word for 315 gold pieces
 75947 | Pan      | Entered Pandemonium
 76297 | Pan      | Noticed Pututoec the pandemonium lord
 76304 | Pan      | Killed Pututoec the pandemonium lord
 77466 | Pan      | Noticed Kutru the pandemonium lord
 77555 | Pan      | Reached skill level 24 in Fighting
 78157 | Pan      | Killed Kutru the pandemonium lord
 78255 | Pan      | Noticed Famemp the pandemonium lord
 78281 | Pan      | Killed Famemp the pandemonium lord
 80210 | Pan      | Found a huge runed gate.
 80663 | Pan      | Reached skill level 10 in Translocations
 81466 | Pan      | Noticed Syrirchymn the pandemonium lord
 81481 | Pan      | Killed Syrirchymn the pandemonium lord
 81765 | Pan      | Noticed Bodubi the pandemonium lord
 81795 | Pan      | Paralysed by you for 7 turns
 81834 | Pan      | Killed Bodubi the pandemonium lord
 82165 | Pan      | Got a demonic rune of Zot
 82555 | Pan      | Noticed Xelol the pandemonium lord
 82570 | Pan      | Killed Xelol the pandemonium lord
 83706 | Pan      | Found an exit through the horrors of the Abyss.
 83910 | Pan      | Noticed Veanweev the pandemonium lord
 83945 | Pan      | Killed Veanweev the pandemonium lord
 83945 | Pan      | Reached skill level 15 in Armour
 84434 | Pan      | Found an exit through the horrors of the Abyss.
 85460 | Pan      | Noticed Rug Odub the pandemonium lord
 85481 | Pan      | Killed Rug Odub the pandemonium lord
 85559 | Pan      | Found an exit through the horrors of the Abyss.
 85814 | Pan      | Reached skill level 25 in Fighting
 86160 | Pan      | Found an exit through the horrors of the Abyss.
 86228 | Pan      | Noticed Afyuddualer the pandemonium lord
 86242 | Pan      | Killed Afyuddualer the pandemonium lord
 86845 | Pan      | Got a crude diamond amulet
 86846 | Pan      | Identified the amulet of Oridec {RegenMP rF+} (You acquired
                  | it in Pandemonium)
 87023 | Pan      | Learned a level 8 spell: Controlled Blink
 87071 | Pan      | Noticed Qeocev the pandemonium lord
 87097 | Pan      | Killed Qeocev the pandemonium lord
 87129 | Pan      | Entered the realm of Lom Lobon.
 87399 | Pan      | Noticed Lom Lobon
 87432 | Pan      | Killed Lom Lobon
 87659 | Pan      | Got a magical rune of Zot
 89596 | Pan      | Noticed Gypp the pandemonium lord
 89614 | Pan      | Killed Gypp the pandemonium lord
 90317 | Pan      | Entered the realm of Cerebov.
 90429 | Pan      | Noticed Cerebov
 90487 | Pan      | Killed Cerebov
 90980 | Pan      | Identified the amulet of the Manifold Souls {Acrobat MR-
                  | Str+7} (You took it off an efreet in Pandemonium)
 91184 | Pan      | Identified the cursed +0 scale mail of Jed Xil {*Corrode
                  | +Inv Str+8} (You found it in Pandemonium)
 91328 | Pan      | Got an ichor-stained robe
 91334 | Pan      | Identified the +1 robe of the Marlin {rElec rCorr Int+2
                  | Dex-5} (You found it in Pandemonium)
 91341 | Pan      | Got a shimmering robe
 91347 | Pan      | Identified the +4 robe of Complete Protection {Str+3
                  | Stlth+} (You found it in Pandemonium)
 91627 | Pan      | Learned a level 3 spell: Lesser Beckoning
 92296 | Pan      | Got a fiery rune of Zot
 92503 | Pan      | Got a pitted lead amulet
 92504 | Pan      | Identified the amulet "Irumy" {Reflect Str+7 SH+3} (You
                  | found it in Pandemonium)
 92508 | Pan      | Identified the Volume of Supportive Malediction
 92625 | Pan      | Entered the realm of Mnoleg.
 92837 | Pan      | Found an exit through the horrors of the Abyss.
 92919 | Pan      | Paralysed by a floating eye for 2 turns
 92930 | Pan      | Paralysed by a floating eye for 3 turns
 93044 | Pan      | Paralysed by a great orb of eyes for 4 turns
 93095 | Pan      | Noticed Mnoleg
 93248 | Pan      | Reached skill level 26 in Fighting
 93260 | Pan      | Killed Mnoleg
 93337 | Pan      | Identified the +3 ring mail "Bigam" {rC+ Str-4 Dex+2} (You
                  | found it in Pandemonium)
 93588 | Pan      | Got a fine spear
 93589 | Pan      | Identified the cursed +2 spear of Ehidowuk {pierce, Str+2}
                  | (You found it in Pandemonium)
 93660 | Pan      | Got a glowing rune of Zot
 93709 | Pan      | Entered the realm of Gloorx Vloq.
 93800 | Pan      | Noticed Gloorx Vloq
 93812 | Pan      | Killed Gloorx Vloq
 93823 | Pan      | Got a dark rune of Zot
 94101 | Pan      | Found an exit through the horrors of the Abyss.
 95077 | Pan      | Noticed Mifuefes the pandemonium lord
 95097 | Pan      | Killed Mifuefes the pandemonium lord
 95126 | Pan      | Found an exit through the horrors of the Abyss.
 95559 | Pan      | Noticed Unwar the pandemonium lord
 95573 | Pan      | Killed Unwar the pandemonium lord
 95747 | Pan      | Found an exit through the horrors of the Abyss.
 95981 | Pan      | Got an agate-studded leather armour
 95992 | Pan      | Identified the +4 leather armour "Geacw" {rF+ rC+ rN+
                  | Str+4} (You found it in Pandemonium)
 96381 | Pan      | Reached skill level 27 in Fighting
 96393 | Pan      | Reached skill level 1 in Stealth
 96463 | Pan      | Noticed Ihelynne the pandemonium lord
 96476 | Pan      | Killed Ihelynne the pandemonium lord
 98101 | Pan      | Found an exit through the horrors of the Abyss.
 98392 | Pan      | Noticed Kiugomus the pandemonium lord
 98399 | Pan      | Killed Kiugomus the pandemonium lord
 98641 | Pan      | Reached skill level 5 in Stealth
 98669 | Pan      | Noticed Bahom the pandemonium lord
 98678 | Pan      | Killed Bahom the pandemonium lord
 98718 | Pan      | Reached skill level 15 in Translocations
 98822 | Pan      | Found an exit through the horrors of the Abyss.
 99480 | Pan      | Found an exit through the horrors of the Abyss.
 99796 | Pan      | Noticed Woaj the pandemonium lord
 99821 | Pan      | Paralysed by a floating eye for 3 turns
 99823 | Pan      | Killed from afar by Woaj the pandemonium lord

Skill      XL: |  1  2  3  4  5  6  7  8  9 10 11 12 13 14 15 16 17 18 19 20 21 22 23 24 25 26 27 |
---------------+----------------------------------------------------------------------------------+-----
Axes           | 3 4 5 6 8 10 11 13 15 16 17 18 19 20 21 26 | 26.4
Throwing       | 2 |  2.5
Armour         | 1 2 3 4 5 6 7 8 9 10 11 12 13 15 | 15.8
Dodging        | 3 4 5 6 7 8 9 10 11 12 19 | 19.2
Fighting       | 3 4 5 6 7 9 10 11 12 13 14 15 17 18 19 20 27 | 27.0
Invocations    | 1 3 5 6 7 8 10 11 12 14 | 14.0
Shields        | 1 5 7 9 10 12 14 15 25 | 25.1
Evocations     | 4 5 6 7 8 9 10 11 | 11.0
Spellcasting   | 3 5 7 8 9 10 11 12 16 | 16.2
Translocations | 2 5 6 7 15 | 15.1
Charms         | 2 4 6 12 | 12.7
Air Magic      | 1 4 6 11 | 11.9
Stealth        | 6 |  6.6

Action                   |  1- 3 |  4- 6 |  7- 9 | 10-12 | 13-15 | 16-18 | 19-21 | 22-24 | 25-27 || total
-------------------------+-------+-------+-------+-------+-------+-------+-------+-------+-------++-------
Melee: War axe           |   101 |   258 |   403 |   155 |    52 |    63 |    14 |       |       ||  1046
       Unarmed           |       |       |     3 |       |       |       |       |       |       ||     3
       Broad axe         |       |       |       |   547 |  1194 |  1147 |  1492 |  1021 |  7816 || 13217
       Whip              |       |       |       |       |    11 |       |       |       |       ||    11
       Mace              |       |       |       |       |       |       |    24 |    15 |    90 ||   129
Throw: Throwing net      |       |       |     1 |     4 |       |       |       |       |     1 ||     6
       Tomahawk          |       |       |       |       |       |       |     2 |       |       ||     2
 Cast: Deflect Missiles  |       |       |       |       |       |       |       |       |    15 ||    15
       Lesser Beckoning  |       |       |       |       |       |       |       |       |     8 ||     8
       Blink             |       |       |       |       |       |       |       |       |     1 ||     1
       Swiftness         |       |       |       |       |       |       |       |       |     1 ||     1
       Passwall          |       |       |       |       |       |       |       |       |     1 ||     1
Invok: Divine Shield     |       |       |       |     5 |     6 |     1 |    11 |     7 |    14 ||    44
       Brand Weapon With |       |       |       |       |       |     1 |       |       |       ||     1
       Cleansing Flame   |       |       |       |       |       |       |     1 |     4 |     5 ||    10
       Summon Divine War |       |       |       |       |       |       |     1 |       |     2 ||     3
       Vitalisation      |       |       |       |       |       |       |       |       |    31 ||    31
       Recite            |       |       |       |       |       |       |       |       |    30 ||    30
       Sanctuary         |       |       |       |       |       |       |       |       |     4 ||     4
 Abil: Fly               |       |       |       |       |     1 |       |       |     1 |       ||     2
       Stop Flying       |       |       |       |       |       |       |       |     1 |       ||     1
Evoke: Wand              |       |       |       |       |     1 |     6 |     1 |     2 |    27 ||    37
       Lightning rod     |       |       |       |       |       |       |       |       |     4 ||     4
       Lamp of fire      |       |       |       |       |       |       |       |       |     3 ||     3
       Phial of floods   |       |       |       |       |       |       |       |       |     2 ||     2
  Use: Scroll            |       |       |     7 |    24 |    12 |     3 |    14 |     7 |    58 ||   125
       Potion            |       |       |     1 |     3 |     2 |     2 |     3 |     3 |    34 ||    48
 Stab: Distracted        |       |       |       |       |       |       |       |       |    14 ||    14
       Confused          |       |       |       |       |       |       |       |       |    11 ||    11
  Eat: Chunk             |     2 |     6 |    16 |    26 |    32 |    17 |    27 |    15 |    49 ||   190
       Ration            |       |       |       |     1 |     1 |     2 |     2 |     4 |    37 ||    47
Armor: Leather armour    |    39 |   116 |   207 |    36 |    88 |       |       |       |    36 ||   522
       Ring mail         |       |       |       |   190 |       |       |       |       |       ||   190
       Chain mail        |       |       |       |    85 |   412 |   462 |   433 |   261 |  1742 ||  3395
Dodge: Dodged            |    71 |   210 |   311 |   418 |   333 |   279 |   380 |   208 |  2173 ||  4383
       Deflected         |       |       |       |       |       |       |       |       |   100 ||   100
Block: Other             |       |       |    21 |    88 |       |       |       |       |       ||   109
       Shield            |       |       |       |    19 |   752 |   836 |  1055 |   636 |  2702 ||  6000
       Reflection        |       |       |       |    13 |     7 |    53 |    61 |    21 |   208 ||   363
       Large shield      |       |       |       |       |       |       |       |       |  4301 ||  4301
